 Dungeon Crawl Stone Soup version 0.28.0 (webtiles) character file.

Game seed: 17475646062941291663

7 BorgnjorsVileCrotch the Shield-Bearer (level 1, 20/20 HPs)
             Began as a Deep Dwarf Fighter on Feb 7, 2022.
             Quit the game on level 1 of the Dungeon.
             The game lasted 00:00:21 (46 turns).

BorgnjorsVileCrotch the Shield-Bearer (DDFi)          Turns: 46, Time: 00:00:21

Health: 20/20      AC:  6    Str: 19    XL:     1   Next: 83%
Magic:  1/1        EV:  9    Int:  8    God:
Gold:   0          SH:  4    Dex: 12    Spells: 0/0 levels left

rFire   . . .      SeeInvis .   a - +0 war axe
rCold   . . .      Faith    .   c - +0 buckler
rNeg    . . .      Spirit   .   b - +0 scale mail
rPois   .          Reflect  .   (no helmet)
rElec   .          Harm     .   (no cloak)
rCorr   .          Rampage  .   (no gloves)
Will    .....                   (no boots)
Stlth   ..........              (no amulet)
HPRegen 0.00/turn               (no ring)
MPRegen 0.07/turn               (no ring)

@: no status effects
A: damage resistance, heal wounds, sense surroundings 1, no regeneration
a: Heal Wounds


You were on level 1 of the Dungeon.
You visited 1 branch of the dungeon, and saw 1 of its levels.

Inventory:

Hand Weapons
 a - a +0 war axe (weapon)
Armour
 b - a +0 scale mail (worn)
 c - a +0 buckler (worn)
Potions
 d - a potion of might {@q3 !q}


   Skills:
 - Level 2.6 Fighting
 + Level 2.9 Axes
 - Level 3.2 Armour
 - Level 3.2 Shields


You couldn't memorise any spells.
You didn't know any spells.
Your spell library contained the following spells:

 Spells                   Type           Power      Damage    Failure   Level
 Foxfire                  Conj/Fire      0%         2x1d4     86%         1
 Mephitic Cloud           Conj/Pois/Air  0%         N/A       99%         3
 Irradiate                Conj/Tmut      0%         3d14      100%        5
 Chain Lightning          Conj/Air       0%         N/A       100%        9


Dungeon Overview and Level Annotations

Branches:
Dungeon (1/15)

Altars:


Innate Abilities, Weirdness & Mutations

You are resistant to damage.
You can heal yourself by infusing magical energy.
You passively map a small area around you.
You do not regenerate.


Message History

Welcome, BorgnjorsVileCrotch the Deep Dwarf Fighter.
The heart of this dungeon contains the fabulous artefact, the Orb of Zot.
Press ? for a list of commands and other information.
Found a staircase leading out of the dungeon.
You enter the shallow water.
Moving in this stuff is going to be slow.
You enter the shallow water.
Moving in this stuff is going to be slow.
A goblin comes into view. It is wielding a +0 dagger.
The goblin shouts!
You enter the shallow water.
Moving in this stuff is going to be slow.
A rat comes into view.
A bat comes into view.
Found the Incunabulum of Conjuration.
The bat moves out of view.
The bat hits you but does no damage.
You closely miss the goblin. You hit the bat. You hit the rat.
You kill the rat!
The bat barely misses you. The bat hits you but does no damage.
The goblin hits you but does no damage.
You closely miss the goblin. The bat hits you but does no damage.
You block the goblin's attack.
You miss the bat.
The bat is moderately wounded.
You hit the goblin. The bat hits you but does no damage.
The goblin hits you but does no damage. The bat barely misses you.
The goblin hits you but does no damage.
You slash the goblin!
You kill the goblin!
You miss the bat. The bat hits you but does no damage.
You block the bat's attack. The bat hits you but does no damage.
The bat barely misses you.
A bat comes into view.
The bat hits you but does no damage. x2
You see here the Incunabulum of Conjuration.
You hit the bat.
The bat is heavily wounded.
You miss the bat. The bat hits you but does no damage.
The bat barely misses you.
You closely miss the bat.
The bat is heavily wounded.
The bat hits you but does no damage. The bat barely misses you.
The bat hits you but does no damage. The bat hits you but does no damage.
You block the bat's attack. The bat completely misses you.
The bat hits you but does no damage. The bat barely misses you.
You miss the bat.
The bat is heavily wounded.
You slash the bat!
You kill the bat!
The bat barely misses you. x2; The bat hits you.
You closely miss the bat.
The bat is heavily wounded.
The bat closely misses you. The bat misses you. The bat closely misses you.
You hit the bat.
The bat is severely wounded.
The bat closely misses you. The bat barely misses you.
You slash the bat!
You kill the bat!
You see here a bat corpse.
You pick up the Incunabulum of Conjuration and begin reading...
You add the spells Foxfire, Mephitic Cloud, Irradiate and Chain Lightning to your library.
A rat comes into view.
The rat barely misses you.
You closely miss the rat. The rat bites you but does no damage.
You block the rat's attack.
You completely miss the rat. The rat bites you but does no damage.
You hit the rat.
You kill the rat!
A goblin comes into view. It is wielding a +0 club.
The goblin shouts!
You see here a rat corpse.
You slash the goblin!
You kill the goblin!
You see here a +0 club.
Are you sure you want to abandon this character and quit the game? (Confirm with "yes".)

≈≈≈≈≈.≈≈≈.≈≈≈..#..#
*
≈≈≈≈≈≈.≈≈≈≈≈..##.#
, ,
≈≈≈≈.<..≈≈≈≈.##.#
≈≈≈≈.≈≈≈≈≈≈≈...###
,
≈≈≈≈≈.≈≈≈≈≈...#..#*
.≈≈≈≈≈.≈≈.≈≈...###*
, ,
..≈≈≈≈≈......######
,
........##≈.#..†..#
,
..#######.....##@.#
* * ## ####..##.##,
, * ,* ####### , ,,
* * ,** * ,* , ,, ,
, * , * , , ,


There were no monsters in sight!

Vanquished Creatures
  2 bats (D:1)
  2 goblins (D:1)
  2 rats (D:1)
6 creatures vanquished.

Notes
Turn   | Place    | Note
-------+----------+-------------------------------------------
     0 | D:1      | BorgnjorsVileCrotch the Deep Dwarf Fighter began the quest
                  | for the Orb.
     0 | D:1      | Reached XP level 1. HP: 20/20 MP: 1/1
    27 | D:1      | Got the Incunabulum of Conjuration
    46 | D:1      | Quit the game

Illustrated notes

Levels and vault maps discovered:
D:1:      dpeg_arrival_subterranean_lakeside_camping, layout_basic,
          nicolae_figureground_pulse

Action                   || total
-------------------------++-------
Melee: War axe           ||    14
Armor: Scale mail        ||    18
Dodge: Dodged            ||    15
Block: Buckler           ||     4
